 Dungeon Crawl Stone Soup version 0.25-a0-464-g3004169 (webtiles) character file.

Game seed: 14205217289339753708, levelgen mode: deterministic

297 15 the Firebug (level 6, -3/38 HPs)
             Began as a Tengu Fire Elementalist on Feb 3, 2020.
             Slain by a worker ant (6 damage)
             ... on level 4 of the Dungeon.
             The game lasted 00:11:45 (2864 turns).

15 the Firebug (Tengu Fire Elementalist)            Turns: 2864, Time: 00:11:46

Health: -3/38      AC:  2    Str: 10    XL:     6   Next: 35%
Magic:  5/11       EV: 13    Int: 18    God:
Gold:   166        SH:  0    Dex: 14    Spells: 3/10 levels left

rFire    . . .     SeeInvis .   d - +3 short sword (freeze)
rCold    . . .     Gourm    .   (no shield)
rNeg     . . .     Faith    .   j - +0 robe (curse)
rPois    .         Spirit   .   (helmet restricted)
rElec    +         Reflect  .   (no cloak)
rCorr    +         Harm     .   (no gloves)
MR       .....                  (boots unavailable)
Stlth    ++........             (no amulet)
HPRegen  0.12/turn              a - ring of resist corrosion
MPRegen  0.12/turn              (no ring)

@: lethally poisoned (-3 -> -14)
A: beak, talons 3, blink, clever 1, robust 1, electricity resistance, able to
fly
a: Fly, Blink


You were on level 4 of the Dungeon.
You were hungry.

You visited 1 branch of the dungeon, and saw 4 of its levels.

You collected 166 gold pieces.

Inventory:

Hand Weapons
 d - a +3 short sword of freezing (weapon)
 g - a +0 quarterstaff
 i - a +3 whip
 l - a +0 falchion of holy wrath
 t - a +0 halberd
 u - a +0 dire flail
Missiles
 e - 139 stones (quivered)
 n - 4 silver javelins
 p - 50 sling bullets
Armour
 j - a cursed +0 robe (worn)
Jewellery
 a - a ring of resist corrosion (left hand)
Scrolls
 m - a scroll of amnesia
 o - 3 scrolls of enchant armour
 q - a scroll of enchant weapon
 r - a scroll of random uselessness {unknown}
Potions
 f - a potion of lignification {unknown}
 h - a potion of invisibility
 k - a potion of ambrosia
 s - a potion of mutation
Comestibles
 c - 6 rations


   Skills:
 * Level 2.0 Fighting
 + Level 1.5 Short Blades
 + Level 0.4 Maces & Flails
 * Level 1.3 Armour
 * Level 3.5 Dodging
 + Level 2.4 Stealth
 + Level 0.2 Unarmed Combat
 + Level 2.7 Spellcasting
 * Level 2.9 Conjurations
 + Level 4.7 Fire Magic


You had 3 spell levels left.
You knew the following spells:

 Your Spells              Type           Power        Failure   Level  Hunger
a - Foxfire               Conj/Fire      ###.         3%          1    #......
b - Inner Flame           Hex/Fire       ##......     19%         3    ###....
c - Conjure Flame         Conj/Fire      ###.....     11%         3    ###....

Your spell library contained the following spells:

 Spells                   Type           Power        Failure   Level  Hunger
 Sticky Flame             Conj/Fire      ###.....     34%         4    #####..
 Fireball                 Conj/Fire      ###.......   69%         5    ######.


Dungeon Overview and Level Annotations

Branches:
Dungeon (4/15)
 Temple: D:4-7

Altars:
Okawaru
Qazlal
Wu Jian


Innate Abilities, Weirdness & Mutations

You have a beak for a mouth.
You have claws for feet.
You can fly continuously.
You can translocate small distances at will.
Your mind is acute. (Int +2)
You are robust. (+10% HP)
You are resistant to electric shocks. (rElec)


Message History

Your kick misses the worker ant.
The worker ant is severely wounded.
The worker ant bites you.
* * * LOW HITPOINT WARNING * * *
You are poisoned.
The worker ant poisons you!
A hound comes into view.
The worker ant bites you.
* * * LOW HITPOINT WARNING * * *
It was a potion of cancellation.
You feel magically purged.
You feel sick. The worker ant bites you.
* * * LOW HITPOINT WARNING * * *
You are lethally poisoned!
The worker ant poisons you!
Unknown command.
It was a potion of mutation.
You feel extremely strange.
You feel jittery.
You feel robust.
You feel insulated.
You feel clever.
* * * LOW HITPOINT WARNING * * *
You feel sick. The worker ant bites you.
You die...

#.# #.# #.# #.# #.# #### #.##
####.# #.. ######..< .....# #.#
..........# ########.#
######...........#
#...#######........#####...#
######...........................
.........#######@# #####...#
########.......a.# ##...#
.............#.### #....#
###########..#.# #.##..... #..#.#
#.##.##....# #..#.# #..........#
#..#.. ..##.##....# #..###
##.##.##....# #..# ..........##


You could see a worker ant.

Vanquished Creatures
  A bullfrog (D:4)
  A scorpion (D:4)
  Terence (D:3)
  5 gnolls
  3 adders
  2 worms (D:3)
  2 leopard geckos
  10 orcs
  4 goblins
  4 hobgoblins
  8 jackals
  2 quokkas
  2 ball pythons
  7 bats
  6 frilled lizards
  6 kobolds
  8 rats
72 creatures vanquished.

Vanquished Creatures (others)
  115 foxfires
115 creatures vanquished.

Grand Total: 187 creatures vanquished

Notes
Turn   | Place    | Note
-------+----------+-------------------------------------------
     0 | D:1      | 15 the Tengu Fire Elementalist began the quest for the Orb.
     0 | D:1      | Reached XP level 1. HP: 10/10 MP: 4/4
    75 | D:1      | Reached XP level 2. HP: 6/16 MP: 0/6
   627 | D:1      | Reached XP level 3. HP: 20/20 MP: 7/7
  1036 | D:2      | Reached skill level 1 in Fighting
  1125 | D:2      | Reached skill level 4 in Fire Magic
  1198 | D:2      | Learned a level 3 spell: Inner Flame
  1425 | D:3      | Found a stormy altar of Qazlal.
  1454 | D:3      | Reached skill level 1 in Short Blades
  1454 | D:3      | Reached XP level 4. HP: 25/25 MP: 5/8
  1523 | D:3      | Noticed Terence
  1542 | D:3      | Killed Terence
  1627 | D:3      | Found an ornate altar of the Wu Jian Council.
  1638 | D:3      | Learned a level 3 spell: Conjure Flame
  1774 | D:3      | Found an iron altar of Okawaru.
  1783 | D:3      | Gained mutation: You can fly continuously. [Tengu growth]
  1783 | D:3      | Reached XP level 5. HP: 19/29 MP: 0/9
  2258 | D:4      | Reached skill level 1 in Armour
  2258 | D:4      | Reached XP level 6. HP: 35/35 MP: 7/11
  2864 | D:4      | Gained mutation: You can translocate small distances at
                  | will. [potion of mutation]
  2864 | D:4      | Gained mutation: You are robust. (+10% HP) [potion of
                  | mutation]
  2864 | D:4      | Gained mutation: You are resistant to electric shocks.
                  | (rElec) [potion of mutation]
  2864 | D:4      | Gained mutation: Your mind is acute. (Int +2) [potion of
                  | mutation]
  2864 | D:4      | Slain by a worker ant

Levels and vault maps discovered:
D:1:      onia_arrival_handbag, layout_basic
D:2:      layout_basic, first_ration
D:3:      layout_loops_ring, nicolae_overflow_crystal_walls,
          okawaru_altar_gauntlet_db, lemuel_crystal_altar, glass_columns_a,
          uniq_terence
D:4:      layout_loops_ring

Skill      XL: |  1  2  3  4  5  6 |
---------------+-------------------+-----
Fighting       | 1 2 |  2.0
Fire Magic     | 4 |  4.7
Short Blades   | 1 |  1.5
Dodging        | 3 |  3.5
Conjurations   | 2 |  2.9
Armour         | 1 |  1.3
Maces & Flails | |  0.4
Stealth        | |  2.4
Unarmed Combat | |  0.2
Spellcasting   | |  2.7

Action                   |  1- 3 |  4- 6 || total
-------------------------+-------+-------++-------
Melee: Unarmed           |    13 |       ||    13
       Kick              |     6 |    14 ||    20
       Peck              |     2 |     4 ||     6
       Short sword       |    15 |    62 ||    77
       Quarterstaff      |     4 |       ||     4
       Dire flail        |       |     5 ||     5
 Cast: Foxfire           |    49 |    39 ||    88
       Conjure Flame     |       |     2 ||     2
  Use: Scroll            |     5 |     3 ||     8
       Potion            |       |     4 ||     4
 Stab: Sleeping          |     3 |     1 ||     4
  Eat: Chunk             |     2 |     5 ||     7
Armor: Robe              |     5 |     9 ||    14
Dodge: Dodged            |    14 |    44 ||    58

Table legend:
 A = Non-vault XP
 B = Vault XP
 C = Vault XP percentage of total XP
 D = Non-vault monster count
 E = Vault monster count
 F = Vault count percentage of total count
                 A         B        C        D         E       F
            +---------+---------+-------+---------+---------+-------
      Total |     360 |      65 |  15.3 |      61 |      11 |  15.3
            +---------+---------+-------+---------+---------+-------
        D:1 |      33 |       4 |  10.8 |      21 |       4 |  16.0
        D:2 |      41 |       0 |   0.0 |      18 |       0 |   0.0
        D:3 |      37 |      61 |  62.2 |      10 |       7 |  41.2
        D:4 |     249 |       0 |   0.0 |      12 |       0 |   0.0
            +---------+---------+-------+---------+---------+-------
